 Dungeon Crawl Stone Soup version 0.30-a0-1082-g70414cbcbb (webtiles) character file.

Game seed: 15183149285342046308

3131 LobsterGuardian the Thaumaturge (level 9, 0/51 (63) HPs)
             Began as a Green Draconian Cinder Acolyte on Apr 15, 2023.
             Was a High Priest of Ignis.
             Slain by a wight
             ... wielding a +5 long sword of freezing
              (5 damage)
             ... on level 7 of the Dungeon.
             The game lasted 00:21:03 (6955 turns).

LobsterGuardian the Thaumaturge (DrCA)              Turns: 6955, Time: 00:21:05

HP:   0/51 (63)     AC:  8    Str: 24    XL:     9   Next: 61%
MP:   2/23          EV: 11    Int: 17    God:    Ignis [*****.]
Gold: 310           SH:  4    Dex:  7    Spells: 18/28 levels left

rFire   + + .      SeeInvis .    f - +1 spear "Killer Klown's Peril" {spect, rC- Str+4}
rCold   x . .      Faith    .    n - +2 buckler
rNeg    . . .      Spirit   .    (body armour unavailable)
rPois   +          Reflect  .    (helmet restricted)
rElec   .          Rampage  .    i - +0 cloak
rCorr   .                        (no gloves)
Will    .....                    (no boots)
Stlth   +                        (no amulet)
HPRegen 1.08/turn                (no ring)
MPRegen 0.18/turn                (no ring)

@: slowed, heavily drained, very slow
A: breathe noxious fumes, AC +7, unfitting armour, poison resistance,
cold-blooded, antennae 1, fire resistance 1, frail 1, regeneration 1, strong 1
a: Breathe Noxious Fumes, Renounce Religion, Fiery Armour, Foxfire Swarm, Rising
Flame


You were on level 7 of the Dungeon.
You worshipped Ignis.
Ignis was extremely pleased with you.
You visited 1 branch of the dungeon, and saw 7 of its levels.

You collected 310 gold pieces.

Inventory:

Hand Weapons
 a - a +0 spear of flaming
 f - the +1 spear "Killer Klown's Peril" (weapon) {spect, rC- Str+4}
   (You found it on level 2 of the Dungeon)

   Str:       It affects your strength (+4).
   rC:        It makes you vulnerable to cold.
Armour
 i - a +0 cloak (worn)
 n - a +2 buckler (worn)
Jewellery
 g - an amulet of regeneration
Wands
 l - a wand of flame (30)
Scrolls
 c - 3 scrolls of enchant weapon
 p - a scroll of brand weapon {unknown}
 q - a scroll of immolation {unknown}
 r - a scroll of noise
 s - a scroll of magic mapping {unknown}
 u - a scroll of enchant armour {unknown}
 v - a scroll of poison {unknown}
Potions
 b - 2 potions of ambrosia
 d - 3 potions of attraction
 e - 2 potions of resistance {unknown}
 h - 2 potions of brilliance
 m - a potion of heal wounds
 t - a potion of curing {unknown}


   Skills:
 + Level 4.2 Fighting
 + Level 3.6 Polearms
 + Level 1.2 Dodging
 + Level 1.7 Stealth
 + Level 0.5 Shields
 * Level 10.0 Spellcasting
 + Level 0.4 Conjurations
 + Level 1.0 Summonings
 + Level 7.2 Fire Magic
 + Level 0.1 Air Magic
 + Level 0.3 Poison Magic


You had 18 spell levels left.
You knew the following spells:

 Your Spells              Type           Power      Damage    Failure   Level
a - Scorch                Fire           66%        2d8       1%          2
b - Call Imp              Summ           24%        N/A       12%         2
c - Mephitic Cloud        Conj/Pois/Air  9%         N/A       30%         3
d - Vampiric Draining     Necr           8%         2d6       34%         3

Your spell library contained the following spells:

 Spells                   Type           Power      Damage    Failure   Level
 Magic Dart               Conj           40%        1d5       10%         1
 Necrotise                Necr           32%        1d5       12%         1
 Dazzling Flash           Conj/Hex       18%        N/A       30%         3
 Agony                    Necr           8%         N/A       97%         5
 Silence                  Hex/Air        4%         N/A       97%         5


Dungeon Overview and Level Annotations

Branches:
Dungeon (7/15)             Temple (0/1) D:5

Altars:
Ashenzari
Xom


Innate Abilities, Weirdness & Mutations

You can breathe blasts of noxious fumes.
Your lurid green scales are hard. (AC +7)
You cannot fit into any form of body armour.
Your system is resistant to poisons. (rPois)
You are cold-blooded and may be slowed by cold attacks.
You have a pair of small antennae on your head.
Your flesh is heat resistant. (rF+)
You are frail. (-10% HP)
Your natural rate of healing is unusually fast.
Your muscles are strong. (Str +4, Int/Dex -1)


Message History

The howler monkey hits you but does no damage.
Flames lash the wight.
The wight is severely damaged.
The wight's fire resistance burns away.
The howler monkey is no longer more vulnerable to fire.
The howler monkey hoots and howls with incredible vigour!
The wight barely misses you. x2
The wight hits your cerulean imp with a +3 war axe!
Your cerulean imp dies!
Your cerulean imp disappears in a puff of smoke!
You hear a croak.
You hear a shout!
You hear an angry growl.
The howler monkey attacks as you move away!
The howler monkey barely misses you. The wight closely misses you.
A wight comes into view. It is wielding a +0 trident.
The wight hits you with a +0 battleaxe!
You feel drained. The howler monkey hits you.
The wight attacks as you move away! The wight closely misses you.
The hound misses you. The hound attacks as you move away!
The hound bites you but does no damage.
A wight comes into view. It is wielding a +0 short sword.
A wight comes into view.
It is wielding a +5 long sword of freezing.
A wight comes into view. It is wielding a +5 falchion.
The wight hits you with a +0 trident.
You feel drained. The hound bites you but does no damage.
The wight attacks as you move away! You block the wight's attack.
The wight hits you with a +0 trident.
The wight hits you with a +5 long sword of freezing.
You feel drained.
You feel yourself slow down. The wight freezes you.
The wight hits you with a +0 trident!
You feel drained.
There is a stone staircase leading up, spattered with blood here.
Unknown command.
Unknown command.
The wight hits you with a +5 falchion.
You feel drained. The wight hits you with a +4 hand axe!
* * * LOW HITPOINT WARNING * * *
You feel drained.
* * * LOW HITPOINT WARNING * * *
The wight barely misses you.
The wight hits you with a +5 long sword of freezing.
You die...

###### ...... #....##
...... ##.....###
...... #........##
..... . ###........#
###..# #..
#..........###....#....
##......#####W.........
#.........#{.z....)....
##.....z@z#h.h.#).."...
...#...z.zzz##.#..#....
...#....##.z......# ...
.......###........# ..
##.... .........# #...#
...........# ...#.
.............
...#.............
...........


You could see 7 wights.

Vanquished Creatures
  Sigmund (D:3)
  5 yaks (D:6)
  A steam dragon (D:6)
  A water moccasin (D:5)
  Duvessa (D:5)
  An ice beast (D:5)
  3 ogres (D:6)
  2 centaurs
  3 phantoms
  A scorpion (D:4)
  3 wights
  Dowan (D:5)
  A howler monkey (D:7)
  3 hounds
  3 jellies (D:6)
  2 orc priests
  5 iguanas
  4 orc wizards
  2 sleepcaps
  4 gnolls (D:5)
  7 adders
  2 ufetubi
  A worm (D:2)
  3 dart slugs
  29 orcs
  9 ball pythons
  4 bats
  3 endoplasms
  4 giant cockroaches
  4 goblins
  7 hobgoblins
  4 jackals (D:1)
  3 quokkas
  5 frilled lizards
  2 kobolds (D:4)
  5 rats
139 creatures vanquished.

Vanquished Creatures (collateral kills)
  Eustachio (D:6)
1 creature vanquished.

Vanquished Creatures (others)
  An orc wizard (D:6)
  22 foxfires (D:5)
  7 fungi (D:4)
  5 plants (D:4)
35 creatures vanquished.

Grand Total: 175 creatures vanquished

Notes
Turn   | Place    | Note
-------+----------+-------------------------------------------
     0 | D:1      | LobsterGuardian the Draconian Cinder Acolyte began the
                  | quest for the Orb.
     0 | D:1      | Reached XP level 1. HP: 19/19 MP: 2/2
   140 | D:1      | Reached XP level 2. HP: 20/26 MP: 3/3
   143 | D:1      | Learned a level 2 spell: Scorch
   799 | D:2      | Reached XP level 3. HP: 33/33 MP: 0/5
   931 | D:2      | Identified the +1 spear "Killer Klown's Peril" {spect, rC-
                  | Str+4}
  1155 | D:2      | Reached skill level 2 in Spellcasting
  2130 | D:3      | Noticed Sigmund
  2138 | D:3      | Killed Sigmund
  2139 | D:3      | Reached skill level 3 in Spellcasting
  2139 | D:3      | Reached XP level 4. HP: 36/40 MP: 1/9
  2139 | D:3      | Reached XP level 5. HP: 41/46 MP: 1/10
  2220 | D:3      | Found a faded altar of an unknown god.
  2225 | D:3      | Gained mutation: You are frail. (-10% HP) [potion of
                  | mutation]
  2225 | D:3      | Gained mutation: You do not regenerate when monsters are
                  | visible. [potion of mutation]
  2225 | D:3      | Gained mutation: You have sharp toenails. [potion of
                  | mutation]
  2272 | D:3      | Reached skill level 4 in Spellcasting
  2544 | D:3      | Found a shimmering altar of Xom.
  3091 | D:4      | Reached XP level 6. HP: 44/46 MP: 7/12
  3630 | D:4      | Lost mutation: You do not regenerate when monsters are
                  | visible. [potion of mutation]
  3630 | D:4      | Lost mutation: You have sharp toenails. [potion of
                  | mutation]
  3630 | D:4      | Gained mutation: Your muscles are strong. (Str +4, Int/Dex
                  | -1) [potion of mutation]
  3630 | D:4      | Gained mutation: Your natural rate of healing is unusually
                  | fast. [potion of mutation]
  3630 | D:4      | Gained mutation: Your flesh is heat resistant. (rF+)
                  | [potion of mutation]
  3630 | D:4      | Gained mutation: You have a pair of small antennae on your
                  | head. [potion of mutation]
  3639 | D:4      | Learned a level 2 spell: Call Imp
  3779 | D:4      | Reached skill level 5 in Spellcasting
  3779 | D:4      | Your scales start taking on a lurid green colour.
  3779 | D:4      | Reached XP level 7. HP: 46/53 MP: 0/14
  3779 | D:4      | Gained mutation: Your system is resistant to poisons.
                  | (rPois) [Green Draconian growth]
  3783 | D:4      | Learned a level 3 spell: Mephitic Cloud
  3938 | D:4      | Found a broken altar of Ashenzari.
  4166 | D:3      | You fall into a shaft and drop 2 floors!
  4166 | D:5      | Entered Level 5 of the Dungeon
  4203 | D:5      | Reached skill level 5 in Fire Magic
  4295 | D:5      | Reached skill level 6 in Spellcasting
  4373 | D:5      | Reached skill level 1 in Stealth
  4373 | D:5      | Reached XP level 8. HP: 59/59 MP: 4/18
  4472 | D:5      | Learned a level 3 spell: Vampiric Draining
  4815 | D:5      | Found a staircase to the Ecumenical Temple.
  4828 | D:5      | Noticed Duvessa
  4829 | D:5      | Noticed Dowan
  4835 | D:5      | Reached skill level 7 in Spellcasting
  4846 | D:5      | Killed Duvessa
  4848 | D:5      | Killed Dowan
  5395 | D:6      | Reached skill level 8 in Spellcasting
  5839 | D:6      | Noticed Eustachio
  5842 | D:6      | Noticed a hornet
  5844 | D:6      | Killed Eustachio
  6106 | D:6      | Reached XP level 9. HP: 63/63 MP: 16/21
  6145 | D:6      | Reached skill level 1 in Dodging
  6293 | D:6      | Reached skill level 9 in Spellcasting
  6743 | D:6      | Reached skill level 1 in Summonings
  6898 | D:6      | Upgraded the game from 0.30-a0-1075-gcd70e7a56d to
                  | 0.30-a0-1082-g70414cbcbb
  6944 | D:7      | Reached skill level 10 in Spellcasting
  6955 | D:7      | Slain by a wight

Illustrated notes

Levels and vault maps discovered:
D:1:      wheals_arrival_shading, layout_basic
D:2:      layout_basic, columned_hall_lemuel, grunt_decor_mini_mirrors
D:3:      layout_loops_ring, tgw_xom, basic_ecumenical_altar, uniq_sigmund
D:4:      layout_basic, mainiacjoe_overflow_chevrons
D:5:      layout_cave_pools, minmay_temple_entry_mini_moons, uniq_duvessa
D:6:      kennysheep_six_static_rooms, layout_basic, uniq_eustachio
D:7:      layout_cave_pools, nicolae_overflow_hidden_temple

Skill      XL: |  1  2  3  4  5  6  7  8  9 |
---------------+----------------------------+-----
Spellcasting   | 3 4 5 6 8 10 | 10.0
Fire Magic     | 4 5 6 7 |  7.2
Fighting       | 4 |  4.2
Stealth        | 1 |  1.7
Dodging        | 1 |  1.2
Summonings     | 1 |  1.0
Polearms       | |  3.6
Shields        | |  0.5
Conjurations   | |  0.4
Air Magic      | |  0.1
Poison Magic   | |  0.3

Action                     |  1- 3 |  4- 6 |  7- 9 || total
---------------------------+-------+-------+-------++-------
  Melee: Spear             |    58 |    17 |    79 ||   154
         Tailslap          |     5 |     2 |    11 ||    18
         Kick              |       |     4 |       ||     4
   Cast: Scorch            |    36 |    48 |   116 ||   200
         Mephitic Cloud    |       |       |     6 ||     6
         Call Imp          |       |       |    10 ||    10
 Invoke: Foxfire Swarm     |       |       |     1 ||     1
         Fiery Armour      |       |       |     2 ||     2
  Evoke: Wand              |     1 |       |       ||     1
    Use: Scroll            |     4 |     4 |     5 ||    13
         Potion            |     1 |     2 |       ||     3
   Stab: Confused          |       |       |     1 ||     1
         Distracted        |       |       |     2 ||     2
 Armour: Skin              |    23 |     3 |    48 ||    74
  Dodge: Dodged            |    46 |    13 |    54 ||   113
  Block: Buckler           |       |       |    21 ||    21

Table legend: (Time is in decaauts)
 A = Elapsed time spent in this place.
 B = Non-inter-level travel time spent in this place.
 C = Inter-level travel time spent in this place.
 D = Time resting spent in this place.
 E = Time spent auto-exploring this place.
 F = Levels seen in this place.
 G = Mean time per level.
                   A        B        C        D        E       F      G
               +--------+--------+--------+--------+--------+-----+--------+
         Total |   6952 |   6780 |    172 |      0 |   5979 |   7 |  993.1 |
       Dungeon |   6952 |   6780 |    172 |      0 |   5979 |   7 |  993.1 |
               +--------+--------+--------+--------+--------+-----+--------+

Top non-repeatable levels by time:
     D:6: 1569 daAuts
     D:3: 1290 daAuts
     D:4: 1210 daAuts
     D:2: 1029 daAuts
     D:5: 1018 daAuts
     D:1: 793 daAuts
     D:7: 41 daAuts
